Blackhawks vs Avalanche

Created - 20 décembre 2015 at 19:19

Goals
1 2 3 T
Blackhawks 0 1 0 1
Avalanche 1 1 2 4
Shots
1 2 3 T
Blackhawks 14 11 6 31
Avalanche 9 11 8 28

1st period

1. Avalanche , Shane O'Brien 1 (Andrew Ladd) at 9:27

Penalties :
Ryan Smyth (Col) for Hooking (Minor) at 19:26

2nd period

2. Blackhawks , Daniel Carcillo 8 (Dominic Moore, Jeff Schultz) at 9:05
3. Avalanche , Max Pacioretty 3 (Pernell Karl Subban, Shane O'Brien) at 15:09

Penalties :
Viktor Kozlov (Chi) for Slashing (Minor) at 3:20, Viktor Kozlov (Chi) for Interference (Minor) at 18:50, Ryan Getzlaf (Col) for Holding Stick (Minor) at 18:59

3rd period

4. Avalanche , Michal Handzus 4 (Jack Johnson) at 1:21
5. Avalanche , Ryan Getzlaf 12 (Andrew Ladd, Chuck Kobasew) at 8:29

Penalties :
Henrik Zetterberg (Chi) for Slashing (Double Minor) at 12:59, Chris Higgins (Chi) for High sticking (Minor) at 18:44

Goalie Stats

Tyler Weiman (Chi), 24 saves from 28 shots - (0,857), L, 16-10-2, 60:00 minutes
Jimmy Howard (Col), 30 saves from 31 shots - (0,968), W, 11-10-5, 60:00 minutes

Players Stats for Blackhawks

Player Name              G  A  P  +/- PIM S  H  SB GA TA FO     MP     PP MP  PK MP  
------------------------------------------------------------------------------------
Andy Rogers              0  0  0   1  0   1  0  0  0  0  0/0    20:40   0:09   4:05 
Brent Burns              0  0  0  -2  0   3  1  1  0  2  0/0    26:14   0:45   2:33 
Chris Higgins            0  0  0  -3  2   1  1  0  0  0  2/3    18:25   0:45   1:52 
Daniel Carcillo          1  0  1   1  0   2  0  1  0  0  0/0    12:16   0:00   0:22 
Dominic Moore            0  1  1   1  0   1  4  1  0  0  4/8    15:46   0:00   3:27 
Henrik Zetterberg        0  0  0  -1  4   1  1  1  0  0  0/0    15:39   1:23   0:00 
Jamie Langenbrunner      0  0  0   0  0   2  3  0  1  0  0/0    10:43   0:00   3:18 
Jeff Schultz             0  1  1   1  0   2  1  0  0  0  0/0    24:35   1:23   4:05 
John Carlson             0  0  0  -2  0   0  1  2  0  1  0/0    21:28   0:45   0:29 
Kris Versteeg            0  0  0  -3  0   4  0  0  1  0  0/1    18:49   1:14   0:00 
Pierre-Marc Bouchard     0  0  0  -1  0   3  2  1  0  0  8/11   16:49   0:54   2:08 
Robert Nilsson           0  0  0  -3  0   2  2  1  0  0  12/29  18:39   1:14   0:13 
Ryan Malone              0  0  0   0  0   1  0  0  1  0  0/0     7:13   0:00   0:00 
Sheldon Keefe            0  0  0   1  0   1  1  0  0  0  0/0    13:42   0:00   2:18 
Steve Bernier            0  0  0  -1  0   4  1  1  1  0  0/0    13:59   0:45   0:00 
Victor Hedman            0  0  0  -2  0   0  0  0  0  0  0/0    13:06   1:14   0:44 
Viktor Kozlov            0  0  0   0  4   3  1  0  1  0  4/4     8:44   0:09   1:06 
Wes O'Neill              0  0  0  -2  0   0  1  1  0  0  0/0    13:57   0:00   2:48 

Players Stats for Avalanche

Player Name              G  A  P  +/- PIM S  H  SB GA TA FO     MP     PP MP  PK MP  
------------------------------------------------------------------------------------
Andrew Ladd              0  2  2   2  0   1  0  0  0  0  1/2    14:52   0:57   0:57 
Brandon Yip              0  0  0  -1  0   0  1  0  0  0  0/0    12:54   0:57   0:00 
Bryan Little             0  0  0  -1  0   2  0  0  0  0  2/5    16:50   3:09   0:51 
Chuck Kobasew            0  1  1   2  0   2  4  0  0  0  1/2    14:43   0:00   1:07 
Corey Perry              0  0  0   0  0   2  1  0  1  0  3/4    19:27   3:16   0:00 
Jack Johnson             0  1  1   0  0   1  1  2  0  0  0/0    25:03   3:27   0:55 
Marc Staal               0  0  0   0  0   0  4  0  1  1  0/0    24:14   3:27   0:31 
Max Pacioretty           1  0  1   2  0   3  0  0  0  0  0/0    11:18   3:09   0:00 
Michal Handzus           1  0  1   2  0   4  0  1  0  0  1/6     9:40   0:57   0:11 
Mike Comrie              0  0  0   0  0   3  2  0  0  0  12/21  16:56   0:00   1:10 
Mikkel Boedker           0  0  0  -1  0   1  0  1  0  0  0/0    15:05   3:09   0:00 
Nick Palmieri            0  0  0   2  0   1  0  1  0  1  0/0     8:20   0:00   0:00 
Pernell Karl Subban      0  1  1   3  0   0  0  2  0  2  0/0    18:57   3:45   0:09 
Randy Jones              0  0  0   0  0   0  2  0  0  0  0/0    15:27   0:10   0:31 
Ryan Getzlaf             1  0  1   2  2   2  0  1  0  0  4/14   16:10   3:15   0:00 
Ryan Smyth               0  0  0   0  2   2  2  1  0  0  2/2    19:45   3:16   0:00 
Sergei Gonchar           0  0  0   0  0   1  2  0  1  1  0/0    18:47   3:45   0:33 
Shane O'Brien            1  1  2   3  0   3  1  4  0  0  0/0    17:32   0:10   1:37 

3 Stars

1 - Shane O'Brien (Col)
2 - Jimmy Howard (Col)
3 - Michal Handzus (Col)

Power Play

Blackhawks - 0 on 2 Attempt(s) - 0,00%
Avalanche - 0 on 5 Attempt(s) - 0,00%

Penalty Kill

Blackhawks - 5 on 5 Attempt(s) - 100,00% - Score 0 goal in Penalty Kill
Avalanche - 2 on 2 Attempt(s) - 100,00% - Score 0 goal in Penalty Kill

Team Stat

Blackhawks - Hits : 20 - Faceoff Wins : 30 - Blocked Shots : 10 - Penalty Minutes : 10
Avalanche - Hits : 20 - Faceoff Wins : 26 - Blocked Shots : 13 - Penalty Minutes : 4

Official

Referees : Charron Francis and Leggo Mike
Linesman : Andy McElman and Mark Shewchyk

Game Notes

No Game Note

Finance

Level 1 -- Attendance: 5780 (96,33%) -- Ticket Income 485 520 $
Level 2 -- Attendance: 4875 (97,50%) -- Ticket Income 243 750 $
Level 3 -- Attendance: 1929 (96,45%) -- Ticket Income 54 012 $
Level 4 -- Attendance: 3735 (93,38%) -- Ticket Income 67 230 $
Luxury Box -- Attendance: 931 (93,10%) -- Ticket Income 155 477 $
Game was played at the Pepsi Center'
Total Attendance: 17250 (95,83%)
Total Ticket Income: 1 005 989 $
Other Income: 150 898 $
Total Income: 1 156 887 $

Blackhawks

5 vs 5 Forward 
   Center                   Left Wing                Right Wing               Time % Phy DF OF 
 1 Robert Nilsson           Chris Higgins            Kris Versteeg            40     1   2  2  
 2 Pierre-Marc Bouchard     Henrik Zetterberg        Steve Bernier            30     1   2  2  
 3 Dominic Moore            Daniel Carcillo          Sheldon Keefe            20     1   2  2  
 4 Viktor Kozlov            Ryan Malone              Jamie Langenbrunner      10     1   2  2  

5 vs 5 Defense 
   Defense                  Defense                                           Time % Phy DF OF 
 1 Brent Burns              John Carlson                                      40     1   2  2  
 2 Andy Rogers              Jeff Schultz                                      30     1   2  2  
 3 Wes O'Neill              Victor Hedman                                     20     1   2  2  
 4 Brent Burns              Jeff Schultz                                      10     1   2  2  

PowerPlay Forward 
   Center                   Left Wing                Right Wing               Time % Phy DF OF 
 1 Robert Nilsson           Henrik Zetterberg        Kris Versteeg            60     1   2  2  
 2 Pierre-Marc Bouchard     Chris Higgins            Steve Bernier            40     1   2  2  

PowerPlay Defense
   Defense                  Defense                                           Time % Phy DF OF 
 1 Brent Burns              John Carlson                                      60     1   2  2  
 2 Jeff Schultz             Victor Hedman                                     40     1   2  2  

Penalty Kill 4 Players Forward 
   Center                   Wing                     Time % Phy DF OF 
 1 Dominic Moore            Jamie Langenbrunner      60     1   2  2  
 2 Viktor Kozlov            Sheldon Keefe            40     1   2  2  

Penalty Kill 4 Players Defense
   Defense                  Defense                  Time % Phy DF OF 
 1 Andy Rogers              Jeff Schultz             60     1   2  2  
 2 Wes O'Neill              Brent Burns              40     1   2  2  

Penalty Kill - 3 Players Forward 
   Forward                                           Time % Phy DF OF 
 1 Henrik Zetterberg                                 60     1   2  2  
 2 Dominic Moore                                     40     1   2  2  

Penalty Kill - 3 Players Defense
   Defense                  Defense                  Time % Phy DF OF 
 1 Brent Burns              Jeff Schultz             60     1   2  2  
 2 Andy Rogers              Brent Burns              40     1   2  2  

4 vs 4 Forward 
   Center                   Wing                     Time % Phy DF OF 
 1 Robert Nilsson           Kris Versteeg            60     1   2  2  
 2 Pierre-Marc Bouchard     Henrik Zetterberg        40     1   2  2  

4 vs 4 Defense
   Defense                  Defense                  Time % Phy DF OF 
 1 Brent Burns              John Carlson             60     1   2  2  
 2 Andy Rogers              Jeff Schultz             40     1   2  2  

Last Minutes Offensive
   Center                   Left Wing                Right Wing               Defense                  Defense                  
   Robert Nilsson           Henrik Zetterberg        Kris Versteeg            Brent Burns              Jeff Schultz             

Last Minutes Defensive
   Center                   Left Wing                Right Wing               Defense                  Defense                  
   Robert Nilsson           Henrik Zetterberg        Kris Versteeg            Brent Burns              Jeff Schultz             

Goaltenders
Starting : Tyler Weiman             
Backup : Jocelyn Thibault         

Extra Forwards
Normal : Dominic Moore, Daniel Carcillo, Sheldon Keefe - PP : Dominic Moore, Daniel Carcillo - PK : Sheldon Keefe
Extra Defensemen
Normal : Victor Hedman, Wes O'Neill, Andy Rogers - PP : Wes O'Neill - PK : Jeff Schultz, Andy Rogers
Penalty Shots
Henrik Zetterberg, Steve Bernier, Kris Versteeg, Pierre-Marc Bouchard, Robert Nilsson

Avalanche

5 vs 5 Forward 
   Center                   Left Wing                Right Wing               Time % Phy DF OF 
 1 Mike Comrie              Ryan Smyth               Corey Perry              35     1   2  2  
 2 Bryan Little             Mikkel Boedker           Brandon Yip              25     1   2  2  
 3 Ryan Getzlaf             Andrew Ladd              Chuck Kobasew            25     1   2  2  
 4 Michal Handzus           Max Pacioretty           Nick Palmieri            15     1   2  2  

5 vs 5 Defense 
   Defense                  Defense                                           Time % Phy DF OF 
 1 Marc Staal               Jack Johnson                                      40     1   2  2  
 2 Shane O'Brien            Pernell Karl Subban                               30     1   2  2  
 3 Randy Jones              Sergei Gonchar                                    30     1   2  2  
 4 Marc Staal               Jack Johnson                                      0      1   2  2  

PowerPlay Forward 
   Center                   Left Wing                Right Wing               Time % Phy DF OF 
 1 Ryan Getzlaf             Ryan Smyth               Corey Perry              55     1   2  2  
 2 Bryan Little             Mikkel Boedker           Max Pacioretty           45     1   2  2  

PowerPlay Defense
   Defense                  Defense                                           Time % Phy DF OF 
 1 Marc Staal               Jack Johnson                                      55     1   2  2  
 2 Sergei Gonchar           Pernell Karl Subban                               45     1   2  2  

Penalty Kill 4 Players Forward 
   Center                   Wing                     Time % Phy DF OF 
 1 Mike Comrie              Ryan Smyth               60     1   2  2  
 2 Mike Comrie              Bryan Little             40     1   2  2  

Penalty Kill 4 Players Defense
   Defense                  Defense                  Time % Phy DF OF 
 1 Jack Johnson             Shane O'Brien            60     1   2  2  
 2 Randy Jones              Marc Staal               40     1   2  2  

Penalty Kill - 3 Players Forward 
   Forward                                           Time % Phy DF OF 
 1 Corey Perry                                       60     1   2  2  
 2 Ryan Smyth                                        40     1   2  2  

Penalty Kill - 3 Players Defense
   Defense                  Defense                  Time % Phy DF OF 
 1 Marc Staal               Jack Johnson             60     1   2  2  
 2 Shane O'Brien            Pernell Karl Subban      40     1   2  2  

4 vs 4 Forward 
   Center                   Wing                     Time % Phy DF OF 
 1 Corey Perry              Ryan Smyth               60     1   2  2  
 2 Mike Comrie              Bryan Little             40     1   2  2  

4 vs 4 Defense
   Defense                  Defense                  Time % Phy DF OF 
 1 Marc Staal               Jack Johnson             60     1   2  2  
 2 Shane O'Brien            Pernell Karl Subban      40     1   2  2  

Last Minutes Offensive
   Center                   Left Wing                Right Wing               Defense                  Defense                  
   Bryan Little             Ryan Smyth               Corey Perry              Marc Staal               Jack Johnson             

Last Minutes Defensive
   Center                   Left Wing                Right Wing               Defense                  Defense                  
   Mike Comrie              Ryan Smyth               Corey Perry              Marc Staal               Jack Johnson             

Goaltenders
Starting : Jimmy Howard             
Backup : Semyon Varlamov          

Extra Forwards
Normal : Ryan Getzlaf, Michal Handzus, Chuck Kobasew - PP : Ryan Getzlaf, Michal Handzus - PK : Chuck Kobasew
Extra Defensemen
Normal : Randy Jones, Sergei Gonchar, Pernell Karl Subban - PP : Randy Jones - PK : Sergei Gonchar, Pernell Karl Subban
Penalty Shots
Corey Perry, Ryan Smyth, Mike Comrie, Bryan Little, Ryan Getzlaf

% Time on Ice - Blackhawks

Lines # - Real PCT - Wanted PCT - Time Play
Normal Forward
1 - 34% - 40% - 16:32
2 - 28% - 30% - 13:32
3 - 23% - 20% - 11:23
4 - 15% - 10% - 7:13
Normal Defense
1 - 41% - 40% - 19:43
2 - 32% - 30% - 15:48
3 - 22% - 20% - 10:28
4 - 6% - 10% - 2:41
PP Forward
1 - 58% - 60% - 1:14
2 - 42% - 40% - 0:54
PP Defense
1 - 35% - 60% - 0:45
2 - 65% - 40% - 1:23
PK Forward
1 - 81% - 60% - 5:56
2 - 19% - 40% - 1:26
PK Defense
1 - 65% - 60% - 4:49
2 - 35% - 40% - 2:33
PK3 Forward
1 - 0% - 60%
2 - 0% - 40%
PK3 Defense
1 - 0% - 60%
2 - 0% - 40%
44 Forward
1 - 85% - 60% - 1:34
2 - 15% - 40% - 0:16
44 Defense
1 - 65% - 60% - 1:11
2 - 35% - 40% - 0:39
Last Minute Offensive  - 0:00
Last Minute Defensive  - 0:00
Total
Forward - 60:00
Defense - 60:00

% Time on Ice - Avalanche

Lines # - Real PCT - Wanted PCT - Time Play
Normal Forward
1 - 32% - 35% - 15:32
2 - 25% - 25% - 12:13
3 - 26% - 25% - 12:38
4 - 17% - 15% - 8:17
Normal Defense
1 - 40% - 40% - 19:20
2 - 32% - 30% - 15:22
3 - 29% - 30% - 13:58
4 - 0% - 0% - 0:00
PP Forward
1 - 44% - 55% - 3:16
2 - 56% - 45% - 4:06
PP Defense
1 - 49% - 55% - 3:37
2 - 51% - 45% - 3:45
PK Forward
1 - 80% - 60% - 1:42
2 - 20% - 40% - 0:26
PK Defense
1 - 69% - 60% - 1:28
2 - 31% - 40% - 0:40
PK3 Forward
1 - 0% - 60%
2 - 0% - 40%
PK3 Defense
1 - 0% - 60%
2 - 0% - 40%
44 Forward
1 - 85% - 60% - 1:33
2 - 15% - 40% - 0:17
44 Defense
1 - 93% - 60% - 1:42
2 - 7% - 40% - 0:08
Last Minute Offensive  - 0:00
Last Minute Defensive  - 0:00
Total
Forward - 60:00
Defense - 60:00

Play by Play

1st period


0:01 of 1st period - Robert Nilsson wins face-off versus Mike Comrie in neutral zone.
0:26 of 1st period - Jack Johnson is hit by Pierre-Marc Bouchard.
0:50 of 1st period - Wrist shot by Daniel Carcillo.
0:50 of 1st period - Deflect By Sheldon Keefe.
0:50 of 1st period - Stopped by Jimmy Howard without a rebound.
0:51 of 1st period - Michal Handzus wins face-off versus Dominic Moore in Avalanche zone.
0:51 of 1st period - Michal Handzus is hit by Dominic Moore.
0:58 of 1st period - Slapshot by Randy Jones.
0:58 of 1st period - Shot Blocked by Daniel Carcillo.
1:00 of 1st period - Snap shot by Sergei Gonchar.
1:00 of 1st period - Stopped by Tyler Weiman with a rebound.
1:24 of 1st period - Backhand shot by Ryan Malone.
1:24 of 1st period - Stopped by Jimmy Howard without a rebound.
1:25 of 1st period - Robert Nilsson wins face-off versus Mike Comrie in Avalanche zone.
1:50 of 1st period - Brandon Yip is hit by Steve Bernier and loses puck.
1:59 of 1st period - Snap shot by Pierre-Marc Bouchard.
1:59 of 1st period - Stopped by Jimmy Howard with a rebound.
2:01 of 1st period - Snap shot by Steve Bernier.
2:01 of 1st period - Shot Blocked by Jack Johnson.
2:39 of 1st period - Slapshot by Brent Burns.
2:39 of 1st period - Deflect By Daniel Carcillo.
2:39 of 1st period - Shot Misses the Net.
2:39 of 1st period - Puck is out of play.
2:40 of 1st period - Ryan Smyth wins face-off versus Dominic Moore in Avalanche zone.
2:51 of 1st period - Snap shot by Corey Perry.
2:51 of 1st period - Shot Misses the Net.
3:06 of 1st period - Wes O'Neill is hit by Randy Jones and loses puck.
3:11 of 1st period - Wrist shot by Corey Perry.
3:11 of 1st period - Deflect By Victor Hedman.
3:11 of 1st period - Stopped by Tyler Weiman without a rebound.
3:12 of 1st period - Ryan Getzlaf wins face-off versus Chris Higgins in Blackhawks zone.
3:52 of 1st period - Brandon Yip is hit by Jamie Langenbrunner and loses puck.
5:37 of 1st period - Brent Burns is hit by Mike Comrie.
5:58 of 1st period - Daniel Carcillo is hit by Chuck Kobasew and loses puck.
6:03 of 1st period - Snap shot by Ryan Getzlaf.
6:03 of 1st period - Shot Misses the Net.
6:05 of 1st period - Wrist shot by Andrew Ladd.
6:05 of 1st period - Shot Blocked by Wes O'Neill.
6:07 of 1st period - Slapshot by Chuck Kobasew.
6:07 of 1st period - Shot Blocked by Dominic Moore.
6:09 of 1st period - Slapshot by Shane O'Brien.
6:09 of 1st period - Stopped by Tyler Weiman without a rebound.
6:10 of 1st period - Robert Nilsson wins face-off versus Bryan Little in Blackhawks zone.
6:17 of 1st period - Snap shot by Chris Higgins.
6:17 of 1st period - Shot Blocked by Shane O'Brien.
6:27 of 1st period - Snap shot by Bryan Little.
6:27 of 1st period - Stopped by Tyler Weiman without a rebound.
6:28 of 1st period - Mike Comrie wins face-off versus Pierre-Marc Bouchard in Blackhawks zone.
6:31 of 1st period - Slapshot by Corey Perry.
6:31 of 1st period - Shot Blocked by Brent Burns.
6:45 of 1st period - Randy Jones is hit by Pierre-Marc Bouchard and loses puck.
7:50 of 1st period - Slapshot by Max Pacioretty.
7:50 of 1st period - Stopped by Tyler Weiman with a rebound.
8:06 of 1st period - Snap shot by Mike Comrie.
8:06 of 1st period - Deflect By Corey Perry.
8:06 of 1st period - Stopped by Tyler Weiman with a rebound.
8:10 of 1st period - Snap shot by Ryan Smyth.
8:10 of 1st period - Shot Misses the Net.
8:12 of 1st period - Wrist shot by Ryan Smyth.
8:12 of 1st period - Deflect By Mike Comrie.
8:12 of 1st period - Shot Blocked by Henrik Zetterberg.
8:12 of 1st period - Puck is out of play.
8:13 of 1st period - Chuck Kobasew wins face-off versus Robert Nilsson in Blackhawks zone.
8:18 of 1st period - Backhand shot by Chuck Kobasew.
8:18 of 1st period - Stopped by Tyler Weiman without a rebound.
8:19 of 1st period - Robert Nilsson wins face-off versus Ryan Getzlaf in Blackhawks zone.
8:26 of 1st period - Wrist shot by Robert Nilsson.
8:26 of 1st period - Shot Misses the Net.
8:28 of 1st period - Snap shot by Kris Versteeg.
8:28 of 1st period - Stopped by Jimmy Howard without a rebound.
8:29 of 1st period - Robert Nilsson wins face-off versus Mike Comrie in Avalanche zone.
8:54 of 1st period - Marc Staal is hit by Henrik Zetterberg and loses puck.
9:03 of 1st period - Slapshot by Henrik Zetterberg.
9:03 of 1st period - Stopped by Jimmy Howard with a rebound.
9:05 of 1st period - Slapshot by Andy Rogers.
9:05 of 1st period - Stopped by Jimmy Howard with a rebound.
9:15 of 1st period - Jeff Schultz is hit by Marc Staal and loses puck.
9:21 of 1st period - Off-side.
9:22 of 1st period - Andrew Ladd wins face-off versus Robert Nilsson in neutral zone.
9:27 of 1st period - Slapshot by Shane O'Brien.
9:27 of 1st period - Goal by Shane O'Brien - Blackhawks : 0 - Avalanche : 1.
9:28 of 1st period - Robert Nilsson wins face-off versus Mike Comrie in neutral zone.
9:39 of 1st period - Snap shot by Chris Higgins.
9:39 of 1st period - Stopped by Jimmy Howard with a rebound.
9:41 of 1st period - Slapshot by Brent Burns.
9:41 of 1st period - Stopped by Jimmy Howard without a rebound.
9:42 of 1st period - Pierre-Marc Bouchard wins face-off versus Michal Handzus in Avalanche zone.
9:45 of 1st period - Snap shot by Pierre-Marc Bouchard.
9:45 of 1st period - Shot Blocked by Pernell Karl Subban.
9:47 of 1st period - Slapshot by Pierre-Marc Bouchard.
9:47 of 1st period - Shot Misses the Net.
9:49 of 1st period - Slapshot by Brent Burns.
9:49 of 1st period - Stopped by Jimmy Howard with a rebound.
9:51 of 1st period - Slapshot by Brent Burns.
9:51 of 1st period - Deflect By Steve Bernier.
9:51 of 1st period - Stopped by Jimmy Howard with a rebound.
9:53 of 1st period - Slapshot by Brent Burns.
9:53 of 1st period - Shot Blocked by Shane O'Brien.
10:08 of 1st period - Icing by Pernell Karl Subban.
10:09 of 1st period - Robert Nilsson wins face-off versus Ryan Getzlaf in Avalanche zone.
10:22 of 1st period - Wrist shot by Kris Versteeg.
10:22 of 1st period - Shot Blocked by Ryan Getzlaf.
11:26 of 1st period - Slapshot by Dominic Moore.
11:26 of 1st period - Shot Misses the Net.
12:36 of 1st period - Off-side.
12:37 of 1st period - Viktor Kozlov wins face-off versus Michal Handzus in neutral zone.
13:26 of 1st period - Michal Handzus is hit by Chris Higgins.
13:34 of 1st period - Nick Palmieri is hit by Robert Nilsson and loses puck.
15:09 of 1st period - Off-side.
15:10 of 1st period - Dominic Moore wins face-off versus Ryan Getzlaf in neutral zone.
15:25 of 1st period - Slapshot by Brent Burns.
15:25 of 1st period - Stopped by Jimmy Howard with a rebound.
15:55 of 1st period - Snap shot by Ryan Getzlaf.
15:55 of 1st period - Shot Misses the Net.
15:57 of 1st period - Snap shot by Chuck Kobasew.
15:57 of 1st period - Stopped by Tyler Weiman without a rebound.
15:58 of 1st period - Robert Nilsson wins face-off versus Mike Comrie in Blackhawks zone.
16:23 of 1st period - Kris Versteeg is hit by Brandon Yip and loses puck.
16:52 of 1st period - Snap shot by Chris Higgins.
16:52 of 1st period - Shot Blocked by Shane O'Brien.
16:54 of 1st period - Slapshot by Robert Nilsson.
16:54 of 1st period - Shot Misses the Net.
16:56 of 1st period - Snap shot by Kris Versteeg.
16:56 of 1st period - Stopped by Jimmy Howard with a rebound.
16:58 of 1st period - Snap shot by Robert Nilsson.
16:58 of 1st period - Stopped by Jimmy Howard with a rebound.
17:00 of 1st period - Snap shot by Kris Versteeg.
17:00 of 1st period - Shot Blocked by Pernell Karl Subban.
17:02 of 1st period - Slapshot by Andy Rogers.
17:02 of 1st period - Shot Blocked by Mikkel Boedker.
17:04 of 1st period - Slapshot by Kris Versteeg.
17:04 of 1st period - Shot Blocked by Shane O'Brien.
17:06 of 1st period - Backhand shot by Chris Higgins.
17:06 of 1st period - Shot Misses the Net.
17:26 of 1st period - Snap shot by Kris Versteeg.
17:26 of 1st period - Stopped by Jimmy Howard without a rebound.
17:27 of 1st period - Pierre-Marc Bouchard wins face-off versus Mike Comrie in Avalanche zone.
17:37 of 1st period - Icing by Marc Staal.
17:38 of 1st period - Pierre-Marc Bouchard wins face-off versus Mike Comrie in Avalanche zone.
17:45 of 1st period - Brent Burns is hit by Ryan Smyth and loses puck.
17:56 of 1st period - Mike Comrie is hit by Brent Burns and loses puck.
18:28 of 1st period - Daniel Carcillo is hit by Mike Comrie and loses puck.
19:26 of 1st period - Minor Penalty to Ryan Smyth for Hooking.
19:27 of 1st period - Robert Nilsson wins face-off versus Chuck Kobasew in Avalanche zone.
Goals for this period are 0 for Blackhawks vs 1 for Avalanche.
Shots for this period are 14 for Blackhawks vs 9 for Avalanche.

2nd period


0:01 of 2nd period - Mike Comrie wins face-off versus Robert Nilsson in neutral zone.
0:37 of 2nd period - Off-side.
0:38 of 2nd period - Bryan Little wins face-off versus Robert Nilsson in neutral zone.
1:26 of 2nd period - Penalty to Ryan Smyth is over, Ryan Smyth is back on ice.
1:41 of 2nd period - Wrist shot by Jamie Langenbrunner.
1:41 of 2nd period - Shot Misses the Net.
2:37 of 2nd period - Snap shot by Viktor Kozlov.
2:37 of 2nd period - Stopped by Jimmy Howard without a rebound.
2:38 of 2nd period - Viktor Kozlov wins face-off versus Ryan Getzlaf in Avalanche zone.
2:41 of 2nd period - Snap shot by Jamie Langenbrunner.
2:41 of 2nd period - Stopped by Jimmy Howard without a rebound.
2:42 of 2nd period - Viktor Kozlov wins face-off versus Ryan Getzlaf in Avalanche zone.
2:43 of 2nd period - Backhand shot by Jamie Langenbrunner.
2:43 of 2nd period - Stopped by Jimmy Howard with a rebound.
2:49 of 2nd period - Jeff Schultz is hit by Chuck Kobasew and loses puck.
3:20 of 2nd period - Minor Penalty to Viktor Kozlov for Slashing.
3:21 of 2nd period - Bryan Little wins face-off versus Dominic Moore in Blackhawks zone.
3:48 of 2nd period - Ryan Smyth is hit by Jeff Schultz and loses puck.
5:01 of 2nd period - Icing by Mikkel Boedker.
5:02 of 2nd period - Ryan Getzlaf wins face-off versus Pierre-Marc Bouchard in Avalanche zone.
5:20 of 2nd period - Penalty to Viktor Kozlov is over, Viktor Kozlov is back on ice.
6:19 of 2nd period - Randy Jones is hit by Robert Nilsson and loses puck.
6:34 of 2nd period - Victor Hedman is hit by Chuck Kobasew and loses puck.
6:47 of 2nd period - Snap shot by Dominic Moore.
6:47 of 2nd period - Shot Misses the Net.
7:42 of 2nd period - Icing by Chuck Kobasew.
7:43 of 2nd period - Pierre-Marc Bouchard wins face-off versus Ryan Getzlaf in Avalanche zone.
8:14 of 2nd period - Mikkel Boedker is hit by Dominic Moore and loses puck.
8:21 of 2nd period - Bryan Little is hit by Sheldon Keefe and loses puck.
8:32 of 2nd period - Daniel Carcillo is hit by Sergei Gonchar and loses puck.
9:05 of 2nd period - Wrist shot by Daniel Carcillo.
9:05 of 2nd period - Goal by Daniel Carcillo - Blackhawks : 1 - Avalanche : 1.
9:06 of 2nd period - Mike Comrie wins face-off versus Robert Nilsson in neutral zone.
9:38 of 2nd period - Icing by John Carlson.
9:39 of 2nd period - Pierre-Marc Bouchard wins face-off versus Ryan Getzlaf in Blackhawks zone.
9:45 of 2nd period - Off-side.
9:46 of 2nd period - Mike Comrie wins face-off versus Robert Nilsson in neutral zone.
9:49 of 2nd period - Wrist shot by Mike Comrie.
9:49 of 2nd period - Stopped by Tyler Weiman with a rebound.
9:51 of 2nd period - Snap shot by Mike Comrie.
9:51 of 2nd period - Shot Misses the Net.
10:32 of 2nd period - Wrist shot by Dominic Moore.
10:32 of 2nd period - Shot Misses the Net.
10:40 of 2nd period - Wrist shot by Dominic Moore.
10:40 of 2nd period - Stopped by Jimmy Howard without a rebound.
10:41 of 2nd period - Ryan Smyth wins face-off versus Robert Nilsson in Avalanche zone.
10:48 of 2nd period - Slapshot by Ryan Smyth.
10:48 of 2nd period - Shot Blocked by John Carlson.
11:08 of 2nd period - Brandon Yip is hit by John Carlson.
11:16 of 2nd period - Snap shot by Pierre-Marc Bouchard.
11:16 of 2nd period - Shot Blocked by Jack Johnson.
11:18 of 2nd period - Wrist shot by Pierre-Marc Bouchard.
11:18 of 2nd period - Stopped by Jimmy Howard without a rebound.
11:19 of 2nd period - Ryan Getzlaf wins face-off versus Robert Nilsson in Avalanche zone.
11:24 of 2nd period - Wrist shot by Ryan Getzlaf.
11:24 of 2nd period - Stopped by Tyler Weiman without a rebound.
11:25 of 2nd period - Robert Nilsson wins face-off versus Ryan Getzlaf in Blackhawks zone.
11:56 of 2nd period - Slapshot by Corey Perry.
11:56 of 2nd period - Shot Misses the Net.
12:00 of 2nd period - Wrist shot by Corey Perry.
12:00 of 2nd period - Shot Misses the Net.
12:02 of 2nd period - Slapshot by Randy Jones.
12:02 of 2nd period - Shot Misses the Net.
12:14 of 2nd period - Icing by Pernell Karl Subban.
12:15 of 2nd period - Dominic Moore wins face-off versus Bryan Little in Avalanche zone.
12:50 of 2nd period - Slapshot by Robert Nilsson.
12:50 of 2nd period - Stopped by Jimmy Howard without a rebound.
12:51 of 2nd period - Pierre-Marc Bouchard wins face-off versus Michal Handzus in Avalanche zone.
13:02 of 2nd period - Snap shot by Pierre-Marc Bouchard.
13:02 of 2nd period - Shot Misses the Net.
13:04 of 2nd period - Slapshot by Jeff Schultz.
13:04 of 2nd period - Deflect By Marc Staal.
13:04 of 2nd period - Stopped by Jimmy Howard with a rebound.
13:06 of 2nd period - Wrist shot by Steve Bernier.
13:06 of 2nd period - Stopped by Jimmy Howard without a rebound.
13:07 of 2nd period - Chris Higgins wins face-off versus Mike Comrie in Avalanche zone.
15:03 of 2nd period - Snap shot by Pernell Karl Subban.
15:03 of 2nd period - Shot Misses the Net.
15:05 of 2nd period - Wrist shot by Shane O'Brien.
15:05 of 2nd period - Stopped by Tyler Weiman with a rebound.
15:07 of 2nd period - Slapshot by Pernell Karl Subban.
15:07 of 2nd period - Shot Blocked by Steve Bernier.
15:09 of 2nd period - Wrist shot by Max Pacioretty.
15:09 of 2nd period - Goal by Max Pacioretty - Blackhawks : 1 - Avalanche : 2.
15:10 of 2nd period - Mike Comrie wins face-off versus Robert Nilsson in neutral zone.
15:23 of 2nd period - Robert Nilsson is hit by Ryan Smyth and loses puck.
16:04 of 2nd period - Snap shot by Daniel Carcillo.
16:04 of 2nd period - Stopped by Jimmy Howard without a rebound.
16:05 of 2nd period - Mike Comrie wins face-off versus Robert Nilsson in Avalanche zone.
16:31 of 2nd period - Pierre-Marc Bouchard is hit by Randy Jones and loses puck.
16:54 of 2nd period - Wrist shot by Andrew Ladd.
16:54 of 2nd period - Shot Misses the Net.
17:00 of 2nd period - Sergei Gonchar is hit by Dominic Moore.
17:14 of 2nd period - Slapshot by Max Pacioretty.
17:14 of 2nd period - Shot Misses the Net.
17:16 of 2nd period - Slapshot by Michal Handzus.
17:16 of 2nd period - Stopped by Tyler Weiman with a rebound.
17:18 of 2nd period - Slapshot by Nick Palmieri.
17:18 of 2nd period - Stopped by Tyler Weiman with a rebound.
17:20 of 2nd period - Snap shot by Max Pacioretty.
17:20 of 2nd period - Shot Misses the Net.
17:22 of 2nd period - Snap shot by Max Pacioretty.
17:22 of 2nd period - Stopped by Tyler Weiman with a rebound.
17:34 of 2nd period - Wrist shot by Corey Perry.
17:34 of 2nd period - Shot Blocked by John Carlson.
17:36 of 2nd period - Wrist shot by Ryan Smyth.
17:36 of 2nd period - Stopped by Tyler Weiman without a rebound.
17:37 of 2nd period - Corey Perry wins face-off versus Robert Nilsson in Blackhawks zone.
17:38 of 2nd period - Snap shot by Mike Comrie.
17:38 of 2nd period - Stopped by Tyler Weiman without a rebound.
17:39 of 2nd period - Mike Comrie wins face-off versus Robert Nilsson in Blackhawks zone.
17:44 of 2nd period - Snap shot by Ryan Smyth.
17:44 of 2nd period - Stopped by Tyler Weiman with a rebound.
17:46 of 2nd period - Snap shot by Jack Johnson.
17:46 of 2nd period - Stopped by Tyler Weiman with a rebound.
18:25 of 2nd period - Slapshot by Jeff Schultz.
18:25 of 2nd period - Stopped by Jimmy Howard with a rebound.
18:47 of 2nd period - Off-side.
18:48 of 2nd period - Viktor Kozlov wins face-off versus Michal Handzus in neutral zone.
18:50 of 2nd period - Minor Penalty to Viktor Kozlov for Interference.
18:51 of 2nd period - Ryan Getzlaf wins face-off versus Dominic Moore in Blackhawks zone.
18:59 of 2nd period - Minor Penalty to Ryan Getzlaf for Holding Stick.
19:00 of 2nd period - Corey Perry wins face-off versus Robert Nilsson in Avalanche zone.
Goals for this period are 1 for Blackhawks vs 1 for Avalanche.
Shots for this period are 11 for Blackhawks vs 11 for Avalanche.

3rd period


0:01 of 3rd period - Robert Nilsson wins face-off versus Corey Perry in neutral zone.
0:41 of 3rd period - Off-side.
0:42 of 3rd period - Mike Comrie wins face-off versus Pierre-Marc Bouchard in neutral zone.
0:45 of 3rd period - Slapshot by Pernell Karl Subban.
0:45 of 3rd period - Shot Misses the Net.
0:50 of 3rd period - Penalty to Viktor Kozlov is over, Viktor Kozlov is back on ice.
0:53 of 3rd period - Slapshot by Bryan Little.
0:53 of 3rd period - Deflect By Mike Comrie.
0:53 of 3rd period - Stopped by Tyler Weiman with a rebound.
0:59 of 3rd period - Penalty to Ryan Getzlaf is over, Ryan Getzlaf is back on ice.
1:11 of 3rd period - Snap shot by Mike Comrie.
1:11 of 3rd period - Shot Hit the Post.
1:13 of 3rd period - Snap shot by Bryan Little.
1:13 of 3rd period - Stopped by Tyler Weiman with a rebound.
1:15 of 3rd period - Wrist shot by Pernell Karl Subban.
1:15 of 3rd period - Deflect By Ryan Getzlaf.
1:15 of 3rd period - Shot Misses the Net.
1:15 of 3rd period - Puck is out of play.
1:16 of 3rd period - Robert Nilsson wins face-off versus Michal Handzus in Blackhawks zone.
1:21 of 3rd period - Wrist shot by Michal Handzus.
1:21 of 3rd period - Goal by Michal Handzus - Blackhawks : 1 - Avalanche : 3.
1:22 of 3rd period - Corey Perry wins face-off versus Robert Nilsson in neutral zone.
2:16 of 3rd period - Mikkel Boedker is hit by Dominic Moore and loses puck.
2:36 of 3rd period - Marc Staal is hit by Jamie Langenbrunner and loses puck.
3:14 of 3rd period - John Carlson is hit by Chuck Kobasew and loses puck.
3:23 of 3rd period - Wrist shot by Steve Bernier.
3:23 of 3rd period - Stopped by Jimmy Howard with a rebound.
3:25 of 3rd period - Slapshot by John Carlson.
3:25 of 3rd period - Deflect By Steve Bernier.
3:25 of 3rd period - Stopped by Jimmy Howard with a rebound.
4:09 of 3rd period - Wrist shot by Andrew Ladd.
4:09 of 3rd period - Stopped by Tyler Weiman with a rebound.
4:17 of 3rd period - Snap shot by Viktor Kozlov.
4:17 of 3rd period - Stopped by Jimmy Howard without a rebound.
4:18 of 3rd period - Mike Comrie wins face-off versus Robert Nilsson in Avalanche zone.
5:49 of 3rd period - Wrist shot by Mikkel Boedker.
5:49 of 3rd period - Stopped by Tyler Weiman without a rebound.
5:50 of 3rd period - Chris Higgins wins face-off versus Bryan Little in Blackhawks zone.
5:54 of 3rd period - Off-side.
5:55 of 3rd period - Mike Comrie wins face-off versus Robert Nilsson in neutral zone.
6:50 of 3rd period - Wrist shot by Michal Handzus.
6:50 of 3rd period - Stopped by Tyler Weiman with a rebound.
6:52 of 3rd period - Slapshot by Max Pacioretty.
6:52 of 3rd period - Shot Misses the Net.
7:26 of 3rd period - Snap shot by Robert Nilsson.
7:26 of 3rd period - Shot Hit the Post.
7:28 of 3rd period - Wrist shot by Kris Versteeg.
7:28 of 3rd period - Stopped by Jimmy Howard with a rebound.
7:30 of 3rd period - Slapshot by Andy Rogers.
7:30 of 3rd period - Shot Hit the Post.
7:48 of 3rd period - Pierre-Marc Bouchard is hit by Sergei Gonchar.
7:54 of 3rd period - Wrist shot by Pierre-Marc Bouchard.
7:54 of 3rd period - Stopped by Jimmy Howard without a rebound.
7:55 of 3rd period - Pierre-Marc Bouchard wins face-off versus Andrew Ladd in Avalanche zone.
8:29 of 3rd period - Snap shot by Ryan Getzlaf.
8:29 of 3rd period - Goal by Ryan Getzlaf - Blackhawks : 1 - Avalanche : 4.
8:30 of 3rd period - Mike Comrie wins face-off versus Robert Nilsson in neutral zone.
8:35 of 3rd period - Snap shot by Corey Perry.
8:35 of 3rd period - Shot Blocked by Robert Nilsson.
9:42 of 3rd period - Nick Palmieri is hit by Viktor Kozlov and loses puck.
9:49 of 3rd period - Wrist shot by Viktor Kozlov.
9:49 of 3rd period - Stopped by Jimmy Howard without a rebound.
9:50 of 3rd period - Mike Comrie wins face-off versus Kris Versteeg in Avalanche zone.
11:23 of 3rd period - John Carlson is hit by Shane O'Brien and loses puck.
11:28 of 3rd period - Snap shot by Ryan Getzlaf.
11:28 of 3rd period - Deflect By John Carlson.
11:28 of 3rd period - Shot Misses the Net.
11:28 of 3rd period - Puck is out of play.
11:29 of 3rd period - Pierre-Marc Bouchard wins face-off versus Mike Comrie in Blackhawks zone.
11:46 of 3rd period - Snap shot by Pierre-Marc Bouchard.
11:46 of 3rd period - Shot Blocked by Ryan Smyth.
12:07 of 3rd period - Brent Burns is hit by Jack Johnson.
12:47 of 3rd period - Snap shot by Henrik Zetterberg.
12:47 of 3rd period - Shot Blocked by Michal Handzus.
12:59 of 3rd period - Double Minor Penalty to Henrik Zetterberg for Slashing.
13:00 of 3rd period - Dominic Moore wins face-off versus Ryan Getzlaf in Blackhawks zone.
13:00 of 3rd period - Dominic Moore is hit by Marc Staal.
15:19 of 3rd period - Brent Burns is hit by Marc Staal and loses puck.
15:24 of 3rd period - Slapshot by Michal Handzus.
15:24 of 3rd period - Stopped by Tyler Weiman with a rebound.
15:26 of 3rd period - Wrist shot by Brandon Yip.
15:26 of 3rd period - Shot Misses the Net.
15:28 of 3rd period - Snap shot by Jack Johnson.
15:28 of 3rd period - Shot Blocked by Pierre-Marc Bouchard.
16:47 of 3rd period - Michal Handzus is hit by Wes O'Neill and loses puck.
16:59 of 3rd period - Penalty to Henrik Zetterberg is over, Henrik Zetterberg is back on ice.
17:12 of 3rd period - Snap shot by Henrik Zetterberg.
17:12 of 3rd period - Shot Blocked by Nick Palmieri.
18:44 of 3rd period - Minor Penalty to Chris Higgins for High sticking.
18:45 of 3rd period - Dominic Moore wins face-off versus Ryan Getzlaf in Blackhawks zone.
18:45 of 3rd period - Dominic Moore is hit by Corey Perry.
19:17 of 3rd period - Andy Rogers is hit by Marc Staal and loses puck.
19:46 of 3rd period - Sergei Gonchar is hit by Jamie Langenbrunner and loses puck.
Goals for this period are 0 for Blackhawks vs 2 for Avalanche.
Shots for this period are 6 for Blackhawks vs 8 for Avalanche.


Output by the SimonT Hockey Simulator (STHS) for François Prévost -- Original Page W3C XHTML 1.0 Valid
Hockey Simulator - Hockey Simulation - Hockey Manager